 Dungeon Crawl Stone Soup version 0.30-a0-292-g0f741e3f8e (webtiles) character file.

Game seed: 15344956356893815397

86 plokij the Covered (level 4, -1/40 HPs)
             Began as a Minotaur Fighter on Oct 17, 2022.
             Slain by Sigmund
             ... wielding a +0 scythe of venom
              (5 damage)
             ... on level 2 of the Dungeon.
             The game lasted 00:04:37 (1592 turns).

plokij the Covered (Minotaur Fighter)               Turns: 1592, Time: 00:04:38

Health: -1/40      AC: 10    Str: 20    XL:     4   Next: 27%
Magic:  3/3        EV:  7    Int:  5    God:
Gold:   99         SH:  0    Dex: 12    Spells: 3/3 levels left

rFire   . . .      SeeInvis .    a - +0 long sword
rCold   . . .      Faith    .    c - +0 buckler
rNeg    . . .      Spirit   .    h - +0 chain mail
rPois   .          Reflect  .    (helmet restricted)
rElec   .          Harm     .    (no cloak)
rCorr   .          Rampage  .    r - +0 pair of gloves
Will    .....                    (no boots)
Stlth   ..........               (no amulet)
HPRegen 0.26/turn                (no ring)
MPRegen 0.08/turn                (no ring)

@: confused, lethally poisoned (-1 -> -8)
A: horns 2, retaliatory headbutt
a: no special abilities


You were on level 2 of the Dungeon.
You visited 1 branch of the dungeon, and saw 2 of its levels.

You collected 99 gold pieces.

Inventory:

Hand Weapons
 a - a +0 long sword (weapon)
Armour
 c - a +0 buckler (worn)
 h - a +0 chain mail (worn)
 r - a +0 pair of gloves (worn)
Scrolls
 e - a scroll of blinking {unknown}
 f - a scroll of poison {unknown}
 k - a scroll of immolation {unknown}
 m - 4 scrolls of identify {unknown}
 n - a scroll of teleportation {unknown}
 o - a scroll of silence {unknown}
Potions
 b - a potion of mutation {unknown}
 d - 2 potions of might
 g - 2 potions of magic {unknown}
 i - 3 potions of lignification {unknown}
 j - a potion of brilliance {unknown}
 l - 2 potions of curing {unknown}
 p - a potion of ambrosia {unknown}
 q - a potion of heal wounds {unknown}
 s - a potion of degeneration {unknown}


   Skills:
 + Level 4.1 Fighting
 * Level 3.7 Long Blades
 + Level 4.2 Armour
 + Level 1.5 Dodging
 + Level 4.1 Shields


You had 3 spell levels left.
You didn't know any spells.
Your spell library contained the following spells:

 Spells                   Type           Power      Damage    Failure   Level
 Freeze                   Ice            0%         1d3       100%        1
 Sting                    Tmut/Pois      0%         1d3       100%        1
 Poisonous Vapours        Pois/Air       0%         N/A       100%        2
 Dazzling Flash           Conj/Hex       0%         N/A       100%        3
 Frozen Ramparts          Ice            0%         1d1       100%        3
 Hailstorm                Conj/Ice       0%         3d3       100%        3
 Iskenderun's Mystic Bla  Conj/Tloc      0%         2d3       100%        4
 Olgreb's Toxic Radiance  Pois           0%         N/A       100%        4
 Starburst                Conj/Fire      0%         6d3       100%        6


Dungeon Overview and Level Annotations

Branches:
Dungeon (2/15)

Altars:
Yredelemnul

Shops:
D:1 [   D:2 [

Annotations:
D:2 Sigmund


Innate Abilities, Weirdness & Mutations

You have a pair of horns on your head.
You reflexively headbutt those who attack you in melee.


Message History

As you open the door, it creaks loudly!
There is an open door here.
A rat comes into view.
The rat closely misses you.
You hit the rat.
You kill the rat!
You see here a rat corpse.
You enter the shallow water.
Moving in this stuff is going to be slow.
You see here a rat corpse.
You see here a rat corpse.
You enter the shallow water.
Moving in this stuff is going to be slow.
You enter the shallow water.
Moving in this stuff is going to be slow.
You enter the shallow water.
Moving in this stuff is going to be slow.
Sigmund the Dreaded comes into view.
He is wielding a +0 scythe of venom.
Sigmund shouts!
Sigmund gestures wildly while chanting.
Sigmund flickers and vanishes!
Deactivating autopickup; reactivate with Ctrl-A.
Something hits you. Something hits you!
You are poisoned.
You feel very sick.
You hear some strange, mumbled words.
You are confused.
You slash the plant!
The plant begins to die.
You headbutt the plant.
The plant is lightly damaged.
You feel sick. Something hits you.
You are more poisoned.
You feel very sick.
You're too confused to move!
You feel very sick. Something hits you!
* * * LOW HITPOINT WARNING * * *
* * * LOW HITPOINT WARNING * * *
You feel sick.
A nearby plant withers and dies.
Something hits you.
You die...

~~PP~##..♣♣P♣♣.~~♣♣P♣♣##
~~P~~P....~~~~~~~.~~~..#
~P~~~...#♣♣♣♣♣~~~.♣♣♣♣..#
~♣♣~....# ♣~~♣♣♣
........# #♣♣♣~.♣♣
........# #.#♣P~~♣
..#.....###.#♣♣~♣♣ #
###.....'...#♣P.~♣.#
#.....#######.@..#
#.....# ####.# #.....#
... #.....# ### #.....#
####### ##


There were no monsters in sight!

Vanquished Creatures
  Natasha (D:2)
  An adder (D:2)
  A worm (D:2)
  2 dart slugs (D:2)
  5 bats
  8 endoplasms
  2 giant cockroaches (D:2)
  4 goblins
  3 hobgoblins
  2 quokkas (D:2)
  5 ball pythons
  3 frilled lizards
  2 kobolds (D:1)
  5 rats
44 creatures vanquished.

Vanquished Creatures (others)
  7 plants (D:2)
7 creatures vanquished.

Grand Total: 51 creatures vanquished

Notes
Turn   | Place    | Note
-------+----------+-------------------------------------------
     0 | D:1      | plokij the Minotaur Fighter began the quest for the Orb.
     0 | D:1      | Reached XP level 1. HP: 19/19 MP: 0/0
   141 | D:1      | Reached XP level 2. HP: 27/27 MP: 1/1
   328 | D:1      | Found Riukis's Antique Armour Emporium.
   627 | D:1      | Reached skill level 1 in Dodging
   792 | D:2      | Found a basalt altar of Yredelemnul.
   904 | D:2      | Reached XP level 3. HP: 31/33 MP: 2/2
  1278 | D:2      | Found Kidicsucu's Armour Shoppe.
  1504 | D:2      | Noticed Natasha
  1509 | D:2      | Killed Natasha
  1510 | D:2      | Reached XP level 4. HP: 35/40 MP: 3/3
  1583 | D:2      | Noticed Sigmund
  1592 | D:2      | Slain by Sigmund

Illustrated notes

Levels and vault maps discovered:
D:1:      roderic_crossed_star, layout_loops_ring, serial_shops, shop_fountains,
          st_stairs_9
D:2:      layout_basic, serial_bayou, serial_bayou_ford_a, serial_bayou_pond_e,
          serial_bayou_shore_b, serial_bayou_crossing, serial_bayou_pond_a,
          serial_shops, shop, basic_altar, minmay_quadrilaterals, uniq_sigmund,
          uniq_natasha

Skill      XL: |  1  2  3 |
---------------+----------+-----
Dodging        | 1 |  1.5
Long Blades    | 3 |  3.7
Armour         | 4 |  4.2
Fighting       | 4 |  4.1
Shields        | 4 |  4.1

Action                   |  1- 3 |  4- 6 || total
-------------------------+-------+-------++-------
Melee: Long sword        |    87 |     2 ||    89
       Headbutt          |    20 |     1 ||    21
Armor: Chain mail        |    53 |       ||    53
       Scale mail        |     1 |       ||     1
Dodge: Dodged            |    35 |     1 ||    36
Block: Buckler           |    23 |       ||    23

Table legend: (Time is in decaauts)
 A = Elapsed time spent in this place.
 B = Non-inter-level travel time spent in this place.
 C = Inter-level travel time spent in this place.
 D = Time resting spent in this place.
 E = Time spent auto-exploring this place.
 F = Levels seen in this place.
 G = Mean time per level.
                   A        B        C        D        E       F      G
               +--------+--------+--------+--------+--------+-----+--------+
         Total |   1630 |   1472 |    158 |      0 |   1168 |   2 |  815.0 |
       Dungeon |   1630 |   1472 |    158 |      0 |   1168 |   2 |  815.0 |
               +--------+--------+--------+--------+--------+-----+--------+

Top non-repeatable levels by time:
     D:2: 909 daAuts
     D:1: 721 daAuts
